Cogmind - Beta 14 @@@ ROGUE MODE // 2025.01.12 @ 15:02:33 Player: human Result: Destroyed by D-53 Grenadier with Mini Grenade Launcher Performance ------------- Evolutions (0) 0 Regions Visited (2) 400 Robots Destroyed (8) 40 Value Destroyed (199) 199 Prototype IDs (0) 0 Alien Tech Used (0) 0 Bonus (-28) -28 TOTAL SCORE: 611 Bonus ------- Friendly Fire -28 Cogmind --------- Core Integrity 0/250 Matter 279/300 Energy 125/125 System Corruption 5% Temperature Cool (0) Movement Walking (190) Ox1 Location -10/Mines Parts ------- > --- POWER (1) -------- Light Ion Engine > --- PROPULSION (2) --- Aluminum Leg > --- UTILITY (2) ------ Small Storage Unit > --- WEAPON (2) ------- Particle Gun > --- INVENTORY (8) ---- Ion Engine Light Nuclear Core Light Treads Medium Matter Pod (100) Rocket Launcher Datajack Peak State ------------ > --- POWER ------------ Light Ion Engine > --- PROPULSION ------- Light Treads Light Treads > --- UTILITY ---------- Improved Heat Sink Small Storage Unit > --- WEAPON ----------- Particle Gun Rocket Launcher > --- INVENTORY -------- Ion Engine Aluminum Leg Aluminum Leg Medium Matter Pod Light Assault Rifle Datajack [Rating: 11] Favorites ----------- Power Light Ion Engine Engine Light Ion Engine Propulsion Light Treads Treads Light Treads Leg Aluminum Leg Wheel Compact Wheel Utility Small Storage Unit Device Improved Heat Sink Storage Small Storage Unit Weapon Light Assault Rifle Energy Gun Particle Gun Ballistic Gun Light Assault Rifle Launcher Rocket Launcher Build | -11 -10 -10 ------- Run | Yrd Mat Min Slots Evolved . | . . . Power . | . . . Propulsion . | . . . Utility . | . . . Weapon . | . . . Parts Attached 19 | 5 1 13 Power 2 | 1 . 1 Engine 2 | 1 . 1 Core . | . . . Reactor . | . . . Propulsion 8 | 2 . 6 Treads 2 | . . 2 Leg 4 | . . 4 Wheel 2 | 2 . . Hover . | . . . Flight . | . . . Utility 2 | 1 . 1 Device 1 | . . 1 Storage 1 | 1 . . Processor . | . . . Hackware . | . . . Protection . | . . . Artifact . | . . . Weapon 7 | 1 1 5 Energy Gun 3 | 1 1 1 Energy Cannon . | . . . Ballistic Gun 3 | . . 3 Ballistic Cannon . | . . . Launcher 1 | . . 1 Special Weapon . | . . . Impact Weapon . | . . . Slashing Weapon . | . . . Piercing Weapon . | . . . Special Melee Weapon . | . . . Unidentified Prototypes . | . . . Parts Lost 10 | . . 10 Power 1 | . . 1 Propulsion 4 | . . 4 Utility 1 | . . 1 Weapon 4 | . . 4 Highest Loss Streak 4 | . . 4 To Critical Strikes . | . . . Average Slot Usage (%) 83 | . 85 82 Engine 13 | . 14 13 Treads 14 | . . 15 Leg 5 | . . 6 Wheel 7 | . 28 5 Storage 14 | . 14 14 Energy Gun 10 | . 28 8 Ballistic Gun 14 | . . 15 Launcher 1 | . . 1 Peak Build Rating 11 | 5 6 11 Average Rating 6 | 3 6 6 On Entrance 3 | . 5 6 Naked Turns . | . . . Heaviest Build 16 | 12 14 16 Greatest Support 40 | 32 32 40 Greatest Overweight (x) 2 | . . 2 Average Overweight (x) . | . . . Largest Inventory Capacity 8 | 8 8 8 Average Capacity 7 | 6 8 8 Most Carried 7 | 5 5 7 Average Carried 5 | 3 4 5 Final Capacity 8 | 8 8 8 Final Carried 6 | 5 5 6 Class Distribution -------------------- 100% | Mutant Dominant Class ---------------- Mutant | -10/Materials Mutant | -10/Mines Resources | -11 -10 -10 ----------- Run | Yrd Mat Min Matter Collected 528 | 224 36 268 Remotely . | . . . Salvage Created 286 | . . 286 Parts 11 | . . 11 Haulers Intercepted . | . . . Recyclers Shooed . | . . . Parts Field Recycled . | . . . Retrieved Matter . | . . . Parts Self-Destructed . | . . . Prevented . | . . . Kills | -11 -10 -10 ------- Run | Yrd Mat Min Combat Hostiles Destroyed 25 | . . 25 Guns 10 | . . 10 AOE 15 | . . 15 Classes Destroyed 4 | . . 4 Tunneler 1 | . . 1 Swarmer 3 | . . 3 Grunt 4 | . . 4 Assembled 18 | . . 18 Best Kill Streak 18 | . . 18 Combat Bots Only 17 | . . 17 Max Kills in Single Turn 4 | . . 4 Gunslinging . | . . . Exploded 4 | . . 4 Melee . | . . . Uniques/NPCs Destroyed . | . . . Combat | -11 -10 -10 -------- Run | Yrd Mat Min Hostile Shots Fired 127 | . 9 118 Missed 32 | . 3 29 Damage Taken 1197 | . 84 1113 Core 256 | . 29 227 Absorbed by Shields . | . . . Core Remaining (%) 100 | 100 . . Volleys Fired 44 | . . 44 Largest 2 | . . 2 Hottest 98 | . . 98 Shots Fired 76 | . . 76 Gun 70 | . . 70 Cannon . | . . . Launcher 6 | . . 6 Special . | . . . Kinetic 43 | . . 43 Thermal 26 | . . 26 Explosive 6 | . . 6 Electromagnetic 1 | . . 1 Robot Hit Streak 8 | . . 8 Robot Miss Streak 3 | . . 3 Penetration Max . | . . . Secondary Targets 1 | . . 1 Max Gunslinging Chain 1 | . . 1 Shots Hit Robots 46 | . . 46 Core Hits 50 | . . 50 Critical Kills . | . . . Critical Parts Destroyed . | . . . Critical Strikes 2 | . . 2 Burn 2 | . . 2 Melee Attacks . | . . . Impact . | . . . Slashing . | . . . Piercing . | . . . Sneak Attacks . | . . . Combat Hostiles . | . . . Follow-up Attacks . | . . . Damage Inflicted 1524 | . . 1524 Guns 448 | . . 448 Cannons . | . . . Explosions 1076 | . . 1076 Melee . | . . . Ramming . | . . . Kinetic 213 | . . 213 Thermal 235 | . . 235 Explosive 1076 | . . 1076 Electromagnetic . | . . . Impact . | . . . Slashing . | . . . Piercing . | . . . Highest Corruption 5 | . . 5 Average Corruption 5 | . . 5 Corruption Purged . | . . . Corruption Blocked . | . . . Effects 1 | . . 1 Message Errors 1 | . . 1 Overload Shots . | . . . Overflow Damage 41 | . . 41 Projectiles . | . . . Explosions 41 | . . 41 Melee . | . . . Knockbacks . | . . . Impact . | . . . Kinetic . | . . . Secondary . | . . . Self-Inflicted Damage 7 | . . 7 Shots 1 | . . 1 Rammed . | . . . Targets Rammed . | . . . Kicked . | . . . Crushed . | . . . Highest Temperature 120 | . . 120 Average Temperature 42 | . . 42 Received Heat Transfer 233 | . 48 185 Siege Activations . | . . . Robots Corrupted . | . . . Combat Hostiles . | . . . Parts Fried 1 | . . 1 Impact Corruptions . | . . . Robots Melted . | . . . Combat Hostiles . | . . . Parts Melted 1 | . . 1 Heat Transferred 740 | . . 740 Parts Sabotaged . | . . . Parts Stolen . | . . . Parts Stripped . | . . . Power Chain Reactions . | . . . Alert | -11 -10 -10 ------- Run | Yrd Mat Min Peak Influence 120 | . 5 120 Initial 1 | . . 1 Average 50 | . 1 58 Maximum Alert Level . | . . . Low Security (%) 100 | 100 100 100 Level 1 . | . . . Level 2 . | . . . Level 3 . | . . . Level 4 . | . . . Level 5 . | . . . High Security . | . . . Max Security . | . . . Squads Dispatched . | . . . Investigation . | . . . Extermination . | . . . Reinforcement . | . . . Assault . | . . . Garrison . | . . . Intercept . | . . . Searches Triggered . | . . . Construction Impeded . | . . . Haulers Reinforced . | . . . Active Scanning Responses . | . . . Cargo Convoy Interrupts . | . . . Stealth | -11 -10 -10 --------- Run | Yrd Mat Min Distress Signals . | . . . Communications Jammed . | . . . Distress Signals . | . . . Times Spotted 31 | . 2 29 Peak Tracking Total 15 | . 3 15 Tactical Retreats . | . . . Traps | -11 -10 -10 ------- Run | Yrd Mat Min Traps Triggered . | . . . Indirectly . | . . . Trap Hack Attempts . | . . . Triggered . | . . . Disarmed . | . . . Reprogrammed . | . . . Reused . | . . . Traps Extracted . | . . . Installed . | . . . Triggered . | . . . Machines | -11 -10 -10 ---------- Run | Yrd Mat Min Machines Disabled . | . . . Max in Single Turn . | . . . Machines Repaired . | . . . Machines Dismantled . | . . . Machines Sabotaged . | . . . Overloaded Fab Kills . | . . . Hacking | -11 -10 -10 --------- Run | Yrd Mat Min Machines Accessed 2 | . 2 . Terminals 2 | . 2 . Fabricators . | . . . Repair Stations . | . . . Recycling Units . | . . . Scanalyzers . | . . . Garrison Access . | . . . Total Hacks 3 | . 3 . Successful 2 | . 2 . Failed 1 | . 1 . Catastrophic . | . . . Database Lockouts . | . . . Manual 1 | . 1 . Terminals 3 | . 3 . Fabricators . | . . . Repair Stations . | . . . Recycling Units . | . . . Scanalyzers . | . . . Garrison Access . | . . . Terminal Hacks 2 | . 2 . Registered Components 1 | . 1 . Zone Layout 1 | . 1 . Fabricator Hacks . | . . . Repair Station Hacks . | . . . Recycling Unit Hacks . | . . . Scanalyzer . | . . . Garrison Access Hacks . | . . . Unauthorized Hacks . | . . . Terminals . | . . . Fabricators . | . . . Repair Stations . | . . . Recycling Units . | . . . Scanalyzers . | . . . Garrison Access . | . . . Data Cores Recovered . | . . . Used . | . . . Hacking Detections 2 | . 2 . Full Trace Events . | . . . Feedback Events . | . . . Feedback Blocked . | . . . Robot Schematics Acquired . | . . . Robots Built . | . . . Authchips . | . . . Time . | . . . Total Robot Build Rating . | . . . Part Schematics Acquired . | . . . Parts Built . | . . . Authchips . | . . . Time . | . . . Total Part Build Rating . | . . . Parts Repaired . | . . . Time . | . . . Parts Recycled . | . . . Recycled Matter . | . . . Retrieved Matter . | . . . Retrieved Components . | . . . Parts Scanalyzed . | . . . Part Schematics Acquired . | . . . Parts Damaged . | . . . Bothacking | -11 -10 -10 ------------ Run | Yrd Mat Min Used RIF Installer . | . . . Robots Hacked . | . . . Non-combat . | . . . Combat . | . . . Robot Hacks Applied . | . . . Relay Couplers Released . | . . . Fabnet Peak Effective % . | . . . Robots Rewired . | . . . Allies Hacked . | . . . Hacks Repelled . | . . . Allies | -11 -10 -10 -------- Run | Yrd Mat Min Total Allies 3 | . . 3 Largest Group 3 | . . 3 Highest-Rated Group 40 | . . 40 Highest-Rated Ally 16 | . . 16 Total Orders . | . . . Ally Attacks 8 | . . 8 Total Damage 63 | . . 63 Kills . | . . . Allies Corrupted . | . . . Allies Melted 1 | . . 1 Intel | -11 -10 -10 ------- Run | Yrd Mat Min Robot Analysis Total . | . . . Derelict Logs Recovered . | . . . Drone Launches . | . . . Drone Recoveries . | . . . Exploration | -11 -10 -10 ------------- Run | Yrd Mat Min Turns Passed 688 | 48 49 591 Spaces Moved 409 | 39 48 322 Core 13 | 11 . 2 Treads 176 | . . 176 Legs 88 | . . 88 Wheels 132 | 28 48 56 Hover . | . . . Flight . | . . . Fastest Speed 50 | 50 100 100 Average Speed 129 | 85 100 138 Slowest Speed 190 | 100 100 190 Overloaded Moves . | . . . Propulsion Burnouts . | . . . Robots Hopped . | . . . Cave-ins Triggered . | . . . Exploration Rate (%) 31 | 3 17 73 Regions Visited 2 Branch Regions 1 Pre-discovered Areas . | . . . Known Exits Taken . | . . . Unknown Exits Taken 2 | 1 1 . Scrap Searched 1 | . . 1 Spaces Dug . | . . . Terrain Destroyed 41 | . . 41 Melee . | . . . Projectile . | . . . AOE 41 | . . 41 Terrain Rammed . | . . . Walls Destroyed . | . . . Machines Disabled . | . . . Actions | -11 -10 -10 --------- Run | Yrd Mat Min Total 498 | 53 49 396 Wait 9 | . . 9 Move 407 | 38 47 322 Hop . | . . . Pick Up 19 | 10 1 8 Fast Attach 1 | . . 1 Attach 13 | 5 1 7 Detach . | . . . Swap 5 | . . 5 Drop . | . . . Fire 44 | . . 44 Melee . | . . . Ram . | . . . Kick . | . . . Crush . | . . . Escape Stasis . | . . . Rewire . | . . . Trap . | . . . Miscellaneous . | . . . Route ------- -11/Scrapyard -10/Materials -10/Mines History --------- Turn | Location | Event 9 | -11/Scrapyard | Discovered new exit (range 14) 49 | -11/Scrapyard | Entered Materials 83 | -10/Materials | Discovered new exit (range 12) 98 | -10/Materials | Entered Mines 126 | -10/Mines | Core integrity fell below 50% 245 | -10/Mines | Lost 3 parts (1p2n) 303 | -10/Mines | Build established: Mutant 435 | -10/Mines | Received a Rocket Launcher from a helpful Derelict 565 | -10/Mines | Assisted by bots powering up and referring to "LRC-V3" 601 | -10/Mines | Assembled infested the area 614 | -10/Mines | Core integrity fell below 20% 660 | -10/Mines | Lost 3 allies 672 | -10/Mines | Destroyed 17 combat bots 689 | -10/Mines | Destroyed by D-53 Grenadier with Mini Grenade Launcher Last Messages --------------- 00651_ Imp. Heat Sink destroyed. 00651_ System corrupted by crushing effect (+5). 00651_ as-35706 destroyed. 00653_ The unstable cave ceiling collapses. 00654_ Acquired Lgt. Nuclear Core. 00657_ Acquired 6 matter. 00659_ Acquired 1 matter. 00664_ ODUQPQII48:GW5312DCVQCYZ41HSEU2N5YX 00667_ Acquired 8 matter. 00672_ Lgt. Treads destroyed. 00677_ as-91347 suffers critical hit (Burn). 00677_ as-91347 destroyed. 00682_ Acquired 18 matter. 00684_ The unstable cave ceiling collapses. 00684_ Acquired 6 matter. 00687_ C-30 ARC bursts open, deploying its payload. 00687_ D-53 Grenadier unfolds itself. 00687_ Aluminum Leg destroyed. 00687_ Lgt. Assault Rifle destroyed. Map ----- +----------------------------------------------------+ | ??????????????????## #???# ############??# #?? | | ?????????????????## ###?# #?????????????# #?? | | ???????????????### ### #?????????????# ### | | ???????????????# ## #?????????????# | | ??????????????# #?####????????##### | | ??????????????# ### ##???????????? | | ??????????????# ### % #???????????? | | ??????????????# #?## *%= #???????????? | | ??????????????# ??# #???????????? | | ????????????? ??# ##?#####?????? | | ????????????#### # ??# ##??# #?????? | | ???????????????# ## ??# ####???# #?????? | | ???????????????# ??## #?## ##??????# #?????? | | ???????????????# ???# #??###?????### ###???? | | ????????????????????## #??????????# #???? | | ?????????????????????# ##??????????# #???? | | ?????????????????????# #????????????# #???? | | ?????????????????????#dd###??????????# ##### | | ?????????????????????# #####??????# | | ?????????????????????# ##?????# ## ## | | ??????????????######## #####?########## #? | | ??????????????? # ##?????????# #? | | ?????????????????????## ##????????# #? | | ?????????????????????# ##???????# ## | | ?????????????????????# ####???## # | | ?????????????????????# @ * ##?## | | ????????????????????# ### | | ??????????????????# # | | ???????????????? < # # | | ?????????????[ ###### # | | ????????????###### #????## # | | ?????????????????# ##?????####### | | ?????????????????## ##????????????#### # | | ??????????????????##### #?????????????????####### | | ??????????????????????###????????????????????????? | | ?????????????????????????????????????????????????? | | ?????????????????????????????????????????????????? | | ?????????????????????????????????????????????????? | | | | | | | | | | | | | | | | | | | | | | | | | +----------------------------------------------------+ Best States ------------- Heat Dissipation 39 Energy Generation 10 Energy Capacity 250 Matter Stores 300 Matter Capacity 300 Sight Range 16 Terrain Scan Density 10 Evasion (%) 55 Recoil Reduction 2 Item Schematics ----------------- None Robot Schematics ------------------ None Fabricated ------------ Nothing Alien Tech Used ----------------- None Achievements -------------- Exterminator Challenges ------------ None Game ------ Seed TitaniumGhostExpander Manual? 0 Play Time 00:11:57 Cumulative 61.4 hours Start 2025.01.12 @ 14:52:49 End 2025.01.12 @ 15:02:33 Sessions 1 Manual Loads 0 Difficulty Rogue Special Mode None Game No. 44 Rogue 44 Adventurer 0 Explorer 0 Win Type - Total 0 Types 0/0/0/0/0/0/0/0/0 Lore% 17 Gallery% 35 Achievement% 30 Wizard Run 0 Options --------- Layout 1 ASCII 0 Keyboard 0 Movement Arrows Keybinds 0 Fullscreen 1 Font 24/Smallcaps Map View 50x35 Zoom Use 0% Tactical HUD 1 Map Filters NONE Filters NONE Steam 1 RUN: 116194e4-06d4-4db0-b081-f7f8fbef8a27